[Event "Titled Tuesday Blitz January 03 Late 2023"]
[White "Dimitrov, Atanas"]
[Black "Ansh M Shah"]
[WhiteFideId "2901315"]
[BlackFideId "25033379"]
[WhiteElo "2269"]
[BlackElo "2171"]
[Result "1-0"]
[Round "04"]
[TimeControl "180+2"]
[Date "2023.01.03"]
[WhiteClock "0:00:46"]
[BlackClock "0:00:49"]

1. Nf3 Nf6 2. g3 g6 3. Bg2 Bg7 4. O-O O-O 5. c4 c5 6. Nc3 Nc6 7. b3 b6 8. Bb2 Bb7 9. d4 cxd4 10. Nxd4 Rb8 11. Nc2 d6 12. e4 a6 13. Qe2 Nd7 14. Rfd1 Nf6 15. Rac1 Rc8 16. Ne3 Qc7 17. Ncd5 Qd8 18. Nxf6+ Bxf6 19. Bxf6 exf6 20. Qd2 b5 21. Qxd6 Qxd6 22. Rxd6 Kg7 23. f4 Nb4 24. a3 Nc6 25. c5 b4 26. axb4 Nxb4 27. Kf2 Rfd8 28. Rxd8 Rxd8 29. Ke2 Bc6 30. Nc4 f5 31. Nd6 fxe4 32. Rc4 a5 33. Bxe4 Bxe4 34. Rxe4 Rd7 35. g4 Rc7 36. Ne8+ Kf8 37. Nxc7 1-0


[Site "https://www.chess.com"]

[Event "Titled Tuesday Blitz January 03 Late 2023"]
[White "Gatineau, Yovann"]
[Black "Skvortsov, Andrei"]
[WhiteFideId "26028999"]
[BlackFideId "24108600"]
[WhiteElo "2362"]
[BlackElo "2313"]
[Result "0-1"]
[Round "04"]
[TimeControl "180+2"]
[Date "2023.01.03"]
[WhiteClock "0:00:02"]
[BlackClock "0:00:11"]

1. e4 e6 2. d4 d5 3. exd5 exd5 4. Bd3 Nc6 5. Nf3 Bg4 6. c3 Bd6 7. h3 Bh5 8. Be3 Nge7 9. Nbd2 Qd7 10. Qc2 O-O-O 11. O-O-O Kb8 12. Rde1 f6 13. g4 Bg6 14. Nh4 Bxd3 15. Qxd3 Qe8 16. f4 Qf7 17. Rhg1 Rhe8 18. f5 g5 19. fxg6 hxg6 20. Ref1 Qg7 21. Bf4 Bxf4 22. Rxf4 g5 23. Nf5 Qh8 24. Nxe7 gxf4 25. Nxc6+ bxc6 26. Nb3 f3 27. Nc5 Qh6+ 28. Kb1 f2 29. Rd1 Re1 30. Qa6 Rxd1+ 31. Kc2 Rd2+ 32. Kb3 Rxb2+ 33. Kxb2 Qd2+ 34. Kb3 Qd1+ 35. Kb2 Qd2+ 36. Kb3 Qd1+ 37. Ka3 Qc1+ 38. Ka4 Qc2+ 39. Kb4 Qb2+ 40. Nb3 c5+ 41. Kxc5 Qxc3+ 42. Kb5 Rd6 43. Qa4 f1=Q+ 0-1


[Site "https://www.chess.com"]

[Event "Titled Tuesday Blitz January 03 Late 2023"]
[White "Rostomyan, Mikayel"]
[Black "Graif, William"]
[WhiteFideId "13313754"]
[BlackFideId "2609835"]
[WhiteElo "2222"]
[BlackElo "2304"]
[Result "1-0"]
[Round "04"]
[TimeControl "180+2"]
[Date "2023.01.03"]
[WhiteClock "0:00:05"]
[BlackClock "0:00:01"]

1. e4 e5 2. Nf3 Bc5 3. Nc3 Nf6 4. Nxe5 Nc6 5. Nf3 d5 6. e5 Ne4 7. d4 Bb4 8. Qd3 Bf5 9. Qe3 O-O 10. a3 Bxc3+ 11. bxc3 f6 12. Bb5 fxe5 13. dxe5 Bg4 14. Bxc6 bxc6 15. a4 Qd7 16. h3 Bxf3 17. gxf3 Rae8 18. fxe4 Rxe5 19. f3 dxe4 20. f4 Rd5 21. O-O Rf6 22. Kh2 Rh6 23. Rg1 Rdh5 24. Rg3 Qd1 25. Qf2 e3 26. Bxe3 Qxa1 27. Bd4 Rg6 28. Qe2 Kf7 29. Qxh5 Qc1 30. Qf5+ Kg8 31. Qc8+ Kf7 32. Qd7+ Kf8 33. Rxg6 1-0


[Site "https://www.chess.com"]

[Event "Titled Tuesday Blitz January 03 Late 2023"]
[White "Vega Gutierrez, Sabrina"]
[Black "Volkov, Maksim"]
[WhiteFideId "2219026"]
[BlackFideId "54123070"]
[WhiteElo "2377"]
[BlackElo "2258"]
[Result "0-1"]
[Round "04"]
[TimeControl "180+2"]
[Date "2023.01.03"]
[WhiteClock "0:00:01"]
[BlackClock "0:01:28"]

1. e4 c5 2. Nf3 d6 3. d4 cxd4 4. Qxd4 Nc6 5. Bb5 Bd7 6. Bxc6 Bxc6 7. Nc3 e5 8. Qd3 Nf6 9. O-O Be7 10. Bg5 Nd7 11. Bxe7 Kxe7 12. Rfd1 Nc5 13. Qe3 f6 14. Nh4 g6 15. b4 Na4 16. Nxa4 Bxa4 17. Rd2 Qb6 18. Qh6 Kf7 19. Rad1 Rad8 20. a3 Qc6 21. Qe3 a6 22. f4 exf4 23. Qxf4 g5 24. Qf5 gxh4 25. Rf1 Qc3 26. Qh5+ Ke7 27. Rdf2 Rdf8 28. Qxh4 Bc6 29. Qh5 Qe5 30. Qh6 Rf7 31. Kh1 Bxe4 32. Re1 Bxg2+ 0-1


[Site "https://www.chess.com"]

[Event "Titled Tuesday Blitz January 03 Late 2023"]
[White "Dzierzak, Radoslaw"]
[Black "Tregubov, Pavel V."]
[WhiteFideId "1161407"]
[BlackFideId "4115341"]
[WhiteElo "2220"]
[BlackElo "2553"]
[Result "0-1"]
[Round "04"]
[TimeControl "180+2"]
[Date "2023.01.03"]
[WhiteClock "0:00:19"]
[BlackClock "0:00:31"]

1. e4 e6 2. Nf3 d5 3. Nc3 Nf6 4. e5 Nfd7 5. Ne2 f6 6. d4 fxe5 7. dxe5 Be7 8. Nf4 Nc5 9. c4 Ne4 10. a3 O-O 11. cxd5 Bc5 12. Be3 Rxf4 13. Bxf4 Bxf2+ 14. Ke2 exd5 15. Be3 Bxe3 16. Kxe3 Nc6 17. Bd3 Bf5 18. Qb3 Kh8 19. Qxb7 Nxe5 20. Bxe4 Ng4+ 21. Ke2 dxe4 22. Rhd1 exf3+ 23. Qxf3 Qe8+ 24. Kf1 Ne3+ 25. Kg1 Bg4 0-1


[Site "https://www.chess.com"]

[Event "Titled Tuesday Blitz January 03 Late 2023"]
[White "Novikov, Evgenij"]
[Black "Fishbein, Alexander"]
[WhiteFideId "4125380"]
[BlackFideId "2000377"]
[WhiteElo "2276"]
[BlackElo "2366"]
[Result "0-1"]
[Round "04"]
[TimeControl "180+2"]
[Date "2023.01.03"]
[WhiteClock "0:00:06"]
[BlackClock "0:00:57"]

1. d4 Nf6 2. c4 g6 3. Nc3 Bg7 4. e4 O-O 5. Be2 d6 6. Nf3 e5 7. d5 Na6 8. O-O c5 9. dxc6 bxc6 10. h3 Nc5 11. Qc2 a5 12. Rd1 Qe7 13. Be3 Nh5 14. Bxc5 dxc5 15. Bf1 Nf4 16. Rd2 Ne6 17. Ne2 Ba6 18. Rad1 Rfd8 19. Rxd8+ Rxd8 20. Rxd8+ Qxd8 21. b3 a4 22. Qd2 Nd4 23. Nfxd4 cxd4 24. Nc1 axb3 25. axb3 Qb8 26. Bd3 Bf8 27. Qa2 Qb6 28. c5 Qxc5 29. Qxa6 Qxc1+ 30. Bf1 Kg7 31. Qc4 Qc3 32. Bd3 Qe1+ 33. Bf1 Qxe4 34. Be2 Qd5 35. Bf3 Qxc4 36. bxc4 c5 37. g4 f5 38. gxf5 gxf5 39. Bd5 e4 40. Kf1 Kf6 41. Ke2 Ke5 42. Bg8 h5 43. f3 d3+ 44. Kf2 h4 45. fxe4 fxe4 46. Bh7 Kd4 47. Bg8 e3+ 48. Ke1 Bh6 49. Bh7 Bf4 50. Bf5 Bg3+ 51. Kf1 e2+ 52. Kg2 e1=Q 53. Bxd3 Qf2+ 0-1


[Site "https://www.chess.com"]

[Event "Titled Tuesday Blitz January 03 Late 2023"]
[White "Kaplan, Avi Harrison"]
[Black "Suvorov, Alexander"]
[WhiteFideId "30934559"]
[BlackFideId "12977063"]
[WhiteElo "2146"]
[BlackElo "2338"]
[Result "0-1"]
[Round "04"]
[TimeControl "180+2"]
[Date "2023.01.03"]
[WhiteClock "0:00:06"]
[BlackClock "0:00:52"]

1. Nf3 g6 2. g3 Bg7 3. Bg2 e5 4. d3 d5 5. O-O Ne7 6. c4 c6 7. cxd5 cxd5 8. Nc3 O-O 9. Bg5 f6 10. Bd2 Nbc6 11. e4 Be6 12. Rc1 Rc8 13. Qe2 Qd7 14. a3 Rfd8 15. Rfd1 Bg4 16. h3 Nd4 17. Nxd4 Bxe2 18. Ndxe2 d4 19. Na2 Rxc1 20. Nexc1 Rc8 21. Kf1 Rc2 22. b3 Nc6 23. Ke2 Bf8 24. b4 a5 25. bxa5 Nxa5 26. Nb4 Bxb4 27. axb4 Nc6 28. Ke1 Qd6 29. b5 Nb4 30. Bf3 Rb2 31. Kf1 Qd7 32. Kg2 Qxb5 33. Be1 Nc2 34. Rd2 Nxe1+ 35. Kf1 Rxd2 36. Kxe1 Qb2 37. Kf1 Qxc1+ 38. Kg2 Qe1 39. h4 Qxf2+ 40. Kh3 Qxf3 41. h5 gxh5 42. Kh4 Rh2# 0-1


[Site "https://www.chess.com"]

[Event "Titled Tuesday Blitz January 03 Late 2023"]
[White "Sreyas Payyappat"]
[Black "Ilkhomi, Jaloliddin"]
[WhiteFideId "46674969"]
[BlackFideId "14700948"]
[WhiteElo "2076"]
[BlackElo "1997"]
[Result "1-0"]
[Round "04"]
[TimeControl "180+2"]
[Date "2023.01.03"]
[WhiteClock "0:01:48"]
[BlackClock "0:00:23"]

1. e4 e6 2. Nf3 d5 3. exd5 exd5 4. d4 Bd6 5. Nc3 Ne7 6. Bd3 O-O 7. O-O Nbc6 8. Bg5 f6 9. Bh4 Bf5 10. Nxd5 Bxh2+ 11. Kxh2 Qxd5 12. Qe2 Nxd4 13. Qxe7 Bxd3 14. cxd3 Rfe8 15. Qxc7 Nxf3+ 16. gxf3 Re5 17. Rg1 g6 18. Bxf6 Rh5+ 19. Kg2 Qf7 20. Qxf7+ Kxf7 21. Bd4 Rd8 22. Be3 Rxd3 23. Rgd1 Rhd5 24. Rxd3 Rxd3 25. Kf1 a6 26. Ke2 Rd6 27. Rh1 h5 28. Rd1 Rc6 29. Rd7+ Ke6 30. Rxb7 Kf5 31. Rb6 Rc2+ 32. Kf1 h4 33. Rxa6 Rxb2 34. Kg2 g5 35. Kh3 Rb1 36. Ra5+ Kf6 37. Bxg5+ Kg6 38. Bxh4 Rh1+ 39. Kg4 Rg1+ 40. Bg3 Ra1 41. Ra6+ Kf7 42. f4 Rxa2 43. Rxa2 Kg6 44. Ra6+ Kh7 45. Kg5 Kg8 46. Ra7 Kf8 47. Kf6 Ke8 48. f5 Kf8 49. Ra8# 1-0


[Site "https://www.chess.com"]

[Event "Titled Tuesday Blitz January 03 Late 2023"]
[White "Stachanczyk, Jacek"]
[Black "Fiorito, Francisco"]
[WhiteFideId "1116657"]
[BlackFideId "180165"]
[WhiteElo "2147"]
[BlackElo "2305"]
[Result "1-0"]
[Round "04"]
[TimeControl "180+2"]
[Date "2023.01.03"]
[WhiteClock "0:00:48"]
[BlackClock "0:00:52"]

1. e4 c5 2. Nf3 Nc6 3. d4 cxd4 4. Nxd4 g6 5. c4 Nf6 6. Nc3 d6 7. Be2 Nxd4 8. Qxd4 Bg7 9. Be3 O-O 10. Qd2 a5 11. f3 a4 12. O-O-O a3 13. b3 Qa5 14. Nb5 Qxd2+ 15. Rxd2 Bd7 16. Nd4 Rfc8 17. Kb1 Be8 18. Rhd1 Nd7 19. Nc2 Nc5 20. Bd4 Bh6 21. Be3 Bxe3 22. Nxe3 Bc6 23. Bd3 Rcb8 24. Nc2 b5 25. cxb5 Bxb5 26. Bxb5 Rxb5 27. Rd4 Na4 28. R1d3 Nc5 29. Rc3 Rb7 30. Rcc4 f5 31. exf5 gxf5 32. Kc1 Kf7 33. Kd2 Ra6 34. Rb4 Rc7 35. Rdc4 e5 36. Rb8 f4 37. b4 Ne6 38. Rxc7+ Nxc7 39. Rb7 Rc6 40. b5 Rc5 41. b6 Ke6 42. Rxc7 Rb5 43. b7 h5 44. Nxa3 Rb2+ 45. Kc3 1-0


[Site "https://www.chess.com"]

[Event "Titled Tuesday Blitz January 03 Late 2023"]
[White "Olenik Campa, Rudi"]
[Black "Sargsyan, Anna M."]
[WhiteFideId "14633264"]
[BlackFideId "13308130"]
[WhiteElo "2356"]
[BlackElo "2375"]
[Result "0-1"]
[Round "04"]
[TimeControl "180+2"]
[Date "2023.01.03"]
[WhiteClock "0:00:02"]
[BlackClock "0:00:03"]

1. e4 c6 2. d4 d5 3. Nc3 dxe4 4. Nxe4 Nd7 5. Nf3 Ngf6 6. Nxf6+ Nxf6 7. Bd3 Bf5 8. Bxf5 Qa5+ 9. c3 Qxf5 10. O-O e6 11. Qe2 Bd6 12. h3 O-O 13. Ne5 h6 14. Nc4 Bc7 15. Ne3 Qg6 16. Qf3 Rfe8 17. a4 Ne4 18. Ng4 f5 19. Ne3 Ng5 20. Qe2 Nxh3+ 21. Kh1 Ng5 22. Nc4 Ne4 23. a5 a6 24. Ra3 Qf6 25. Qh5 e5 26. dxe5 Bxe5 27. Rb3 Nc5 28. Ra3 Bc7 29. Be3 Ne6 30. Rb3 f4 31. Bc1 Red8 32. Rxb7 Rd5 33. Qh3 Qg6 34. Kg1 Ng5 35. Qg4 h5 36. Qe2 f3 37. gxf3 Re8 38. Be3 Qf5 39. Rxc7 Nxf3+ 40. Qxf3 Qxf3 41. Kh2 Rxe3 0-1


[Site "https://www.chess.com"]

[Event "Titled Tuesday Blitz January 03 Late 2023"]
[White "Horcajuelo Rocamora, Martin"]
[Black "Denishev, Marat"]
[WhiteFideId "24573027"]
[BlackFideId "24131563"]
[WhiteElo "2107"]
[BlackElo "2255"]
[Result "0-1"]
[Round "04"]
[TimeControl "180+2"]
[Date "2023.01.03"]
[WhiteClock "0:00:52"]
[BlackClock "0:01:20"]

1. e4 g6 2. d4 Bg7 3. c4 Nc6 4. d5 Nd4 5. Ne2 c5 6. dxc6 Nxc6 7. Nbc3 d6 8. Be3 Nf6 9. f3 O-O 10. Nd4 e6 11. Ndb5 Ne8 12. Be2 a6 13. Nd4 Nf6 14. O-O d5 15. Nxc6 bxc6 16. cxd5 cxd5 17. exd5 Nxd5 18. Nxd5 exd5 19. Bd4 Bh6 20. Qa4 Qh4 21. g3 Be3+ 22. Kh1 Qxd4 23. Qc6 Bh3 24. Rfd1 Qxb2 25. Bf1 Bxf1 26. Rxf1 d4 27. a4 d3 28. Qe4 Bh6 29. Qxd3 Bg7 30. Rab1 Qa2 31. Rb4 a5 32. Re4 h5 33. Rfe1 Rad8 34. Qb5 Qf2 35. Qe2 Qxe2 36. R1xe2 Rd4 37. Rxd4 Bxd4 38. Rd2 Bc3 39. Rd5 Rb8 40. Kg2 Rb2+ 41. Kh3 Ra2 42. g4 hxg4+ 43. fxg4 Rxa4 44. Kh4 Kg7 45. Kg5 Ra1 46. h4 a4 47. h5 Bf6+ 48. Kf4 gxh5 49. Rxh5 a3 50. g5 Bb2 51. Rh2 Rf1+ 52. Ke4 a2 0-1


[Site "https://www.chess.com"]

[Event "Titled Tuesday Blitz January 03 Late 2023"]
[White "Martynov, Pavel"]
[Black "Jarocka, Liwia"]
[WhiteFideId "4101260"]
[BlackFideId "21807558"]
[WhiteElo "2414"]
[BlackElo "2225"]
[Result "1-0"]
[Round "04"]
[TimeControl "180+2"]
[Date "2023.01.03"]
[WhiteClock "0:01:49"]
[BlackClock "0:01:20"]

1. e4 c5 2. Nf3 d6 3. Bb5+ Bd7 4. Bxd7+ Qxd7 5. O-O Nc6 6. c3 Nf6 7. d4 Nxe4 8. d5 Nb8 9. Re1 Nf6 10. Bg5 h6 11. Bxf6 gxf6 12. Nbd2 Bg7 13. Qe2 f5 14. Nh4 Bf6 15. Qh5 Bg5 16. Ndf3 Rg8 17. Nxg5 Rxg5 18. Qxh6 Rg8 19. Qh7 Rf8 20. Nxf5 e5 21. dxe6 fxe6 22. Ng7+ Kd8 23. Nxe6+ Kc8 24. Nxf8 1-0


[Site "https://www.chess.com"]

[Event "Titled Tuesday Blitz January 03 Late 2023"]
[White "Martinez Ramirez, Lennis"]
[Black "Sanchez, Robert"]
[WhiteFideId "3509079"]
[BlackFideId "2034360"]
[WhiteElo "2426"]
[BlackElo "1966"]
[Result "0-1"]
[Round "04"]
[TimeControl "180+2"]
[Date "2023.01.03"]
[WhiteClock "0:00:06"]
[BlackClock "0:00:06"]

1. d4 Nf6 2. c4 e6 3. Nf3 Bb4+ 4. Bd2 a5 5. g3 O-O 6. Bg2 Bxd2+ 7. Nbxd2 d6 8. e4 Nbd7 9. e5 dxe5 10. dxe5 Ng4 11. Qe2 Nc5 12. O-O Qd3 13. Rfe1 Qxe2 14. Rxe2 Nd3 15. h3 Nh6 16. Ne4 Nb4 17. a3 Nc6 18. Rd1 Nf5 19. Red2 b6 20. Nc3 Ba6 21. Nb5 Rac8 22. Rd7 Bxb5 23. cxb5 Nb8 24. R7d3 Rfe8 25. Nd2 Kf8 26. Nc4 Ke7 27. g4 Nh6 28. f4 Red8 29. Be4 Rxd3 30. Rxd3 Rd8 31. g5 Rxd3 32. Bxd3 Nf5 33. Bxf5 exf5 34. Ne3 Ke6 35. Kf2 Nd7 36. Nc2 Kd5 37. Ke3 Kc4 38. Nd4 g6 39. e6 fxe6 40. Nxe6 Kb3 41. Nxc7 Kxb2 42. Kd4 Kxa3 43. Kc3 Ka4 44. Kc4 Ka3 45. Kc3 Ka4 46. h4 Nc5 47. Kc4 Ka3 48. Nd5 Nd7 49. Nf6 Nf8 50. Kd5 Kb3 51. Kd6 a4 52. Ke7 a3 53. Kxf8 a2 54. Nxh7 a1=Q 55. Kf7 Qh1 56. Kxg6 Qxh4 57. Kg7 Qxf4 58. g6 Qg4 59. Nf6 Qg5 60. Kf7 Kb4 61. g7 f4 62. g8=Q Qxg8+ 63. Kxg8 f3 64. Nd5+ Kxb5 65. Ne3 Kc5 66. Kf7 Kd4 67. Nf1 b5 68. Nd2 f2 69. Ke6 Ke3 70. Nf1+ Ke2 71. Ng3+ Kf3 72. Nf1 b4 73. Kd5 b3 74. Kc4 b2 75. Kc3 b1=Q 76. Nd2+ Kg4 77. Nxb1 f1=Q 78. Nd2 Qf8 79. Nc4 Kf5 80. Ne3+ Ke4 81. Nc4 Qg7+ 82. Kb4 Qd4 83. Kb5 Qd5+ 84. Kb4 Qg8 85. Nd6+ Kd5 86. Nb5 Qb8 87. Ka5 Qa8+ 88. Kb6 Qb8+ 89. Ka5 Kc6 90. Nd4+ Kc5 91. Ne6+ Kc4 92. Ka6 Qd6+ 93. Kb7 Qxe6 94. Kc7 Kc5 95. Kb7 Qe7+ 96. Kb8 Kb6 97. Kc8 Qc7# 0-1


[Site "https://www.chess.com"]

[Event "Titled Tuesday Blitz January 03 Late 2023"]
[White "Poliakova, Varvara"]
[Black "Paspuel, Trosky"]
[WhiteFideId "13518313"]
[BlackFideId "3602150"]
[WhiteElo "2010"]
[BlackElo "1721"]
[Result "0-1"]
[Round "04"]
[TimeControl "180+2"]
[Date "2023.01.03"]
[WhiteClock "0:01:36"]
[BlackClock "0:00:35"]

1. e4 c6 2. d4 d5 3. Nd2 dxe4 4. Nxe4 Nf6 5. Nxf6+ exf6 6. c3 Bd6 7. Bd3 O-O 8. Ne2 Re8 9. Qc2 h5 10. Be3 Nd7 11. O-O-O Nf8 12. g3 Be6 13. Kb1 b5 14. Bf4 Bd5 15. Rhe1 a5 16. Bxd6 Qxd6 17. Nf4 Bf3 18. Be2 Be4 19. Bd3 Bf3 20. Rc1 h4 21. Ka1 a4 22. a3 Nd7 23. Be4 Bxe4 24. Rxe4 Nb6 25. Rce1 Rxe4 26. Qxe4 Nc4 27. Qe7 Qxe7 28. Rxe7 Kf8 29. Rc7 Re8 30. Rxc6 Na5 31. Ka2 Nxc6 0-1


[Site "https://www.chess.com"]

[Event "Titled Tuesday Blitz January 03 Late 2023"]
[White "Fernandez, Maria Florencia"]
[Black "Guerra Rivera, Salvador"]
[WhiteFideId "116459"]
[BlackFideId "32096542"]
[WhiteElo "2129"]
[BlackElo "2290"]
[Result "1-0"]
[Round "04"]
[TimeControl "180+2"]
[Date "2023.01.03"]
[WhiteClock "0:00:08"]
[BlackClock "0:00:30"]

1. d4 d6 2. c4 e5 3. d5 f5 4. Nc3 Nf6 5. Nf3 Be7 6. g3 O-O 7. Bg2 c6 8. O-O cxd5 9. Nxd5 Nc6 10. b3 Be6 11. Bb2 Kh8 12. Nxe7 Qxe7 13. Qc2 Rac8 14. Rad1 Nd7 15. Qd2 e4 16. Nd4 Nxd4 17. Qxd4 Rc6 18. Qxa7 Nc5 19. Qa5 Ra6 20. Qc3 Rxa2 21. Ra1 Rfa8 22. Rxa2 Rxa2 23. Ra1 Rxa1+ 24. Bxa1 Nd7 25. b4 Nf6 26. Qa3 Kg8 27. Qa8+ Kf7 28. c5 dxc5 29. bxc5 Bd5 30. Bd4 Bc6 31. Qb8 Nd5 32. e3 Nc7 33. Bf1 Bd5 34. Qa7 Ne6 35. Qb6 Nxd4 36. exd4 Qf6 37. Qc7+ Kg6 38. Qf4 Kf7 39. Qc7+ Qe7 40. Qf4 Kf6 41. Be2 g5 42. Qe3 f4 43. gxf4 h6 44. fxg5+ hxg5 45. Kf1 Qd7 46. Qg3 Qe6 47. Kg1 Kg6 48. Bg4 Qf6 49. Qd6 Qxd6 50. cxd6 Kf7 51. d7 Ke7 52. Kg2 Bc6 53. Kg3 e3 54. fxe3 Bxd7 55. Bxd7 Kxd7 56. Kf2 b5 57. Ke2 Kd6 58. Kd3 Kd5 59. e4+ Kd6 60. Kc3 g4 61. Kb4 Kc6 62. d5+ Kd6 63. Kxb5 Ke5 64. Kc6 Kxe4 65. d6 Kf3 66. d7 Kg2 67. d8=Q Kxh2 68. Qh4+ Kg1 69. Qxg4+ Kh1 70. Qe4+ Kh2 71. Qf3 Kg1 72. Qe2 Kh1 73. Kd5 1-0


[Site "https://www.chess.com"]

[Event "Titled Tuesday Blitz January 03 Late 2023"]
[White "Lacasa Diaz, Jose Antonio"]
[Black "Klose, Eli"]
[WhiteFideId "2203375"]
[BlackFideId "16242955"]
[WhiteElo "2359"]
[BlackElo "1519"]
[Result "0-1"]
[Round "04"]
[TimeControl "180+2"]
[Date "2023.01.03"]
[WhiteClock "0:00:14"]
[BlackClock "0:00:13"]

1. e4 e6 2. d4 d5 3. e5 c5 4. c3 Qb6 5. Nf3 Bd7 6. a3 Bb5 7. c4 dxc4 8. d5 exd5 9. Qxd5 Ne7 10. Qe4 Nbc6 11. Nc3 Ba6 12. Bxc4 Bxc4 13. Qxc4 Na5 14. Qa4+ Nec6 15. O-O Qb3 16. Qe4 Qc4 17. Rd1 Qxe4 18. Nxe4 Be7 19. Bg5 Nb3 20. Rab1 b6 21. Bxe7 Kxe7 22. Nd6 g6 23. Rd3 Nbd4 24. Nxd4 Nxd4 25. b4 Rab8 26. g3 f6 27. Nc4 fxe5 28. Nxe5 Ke6 29. Nf3 Nf5 30. Re1+ Kf6 31. bxc5 bxc5 32. Ne5 Rbc8 33. Nd7+ Kf7 34. g4 Nh4 35. Ne5+ Kf6 36. f4 Rhd8 37. Nd7+ Kf7 38. Kf2 g5 39. Kg3 c4 40. Rd5 c3 41. fxg5 Ng6 42. Rf1+ Kg7 43. Nf6 c2 44. Rxd8 Rxd8 45. Rc1 Rd2 46. Ne4 Re2 47. h4 Ne5 48. Nf6 Nd3 49. Nh5+ Kg8 50. Rf1 c1=Q 51. Nf6+ Kh8 52. Rxc1 Nxc1 53. g6 hxg6 54. Kf3 Ra2 55. h5 Rxa3+ 56. Kf4 gxh5 57. g5 a5 58. g6 Kg7 59. Nxh5+ Kxg6 60. Ng3 Kf7 61. Ne4 Ra4 62. Ke5 Rxe4+ 63. Kxe4 a4 64. Kd4 Nb3+ 65. Kc3 Nc5 66. Kb2 Ke6 67. Ka3 Kd5 68. Kb4 Kc6 69. Ka3 Kb5 70. Ka2 Kb4 71. Kb2 a3+ 72. Ka2 Ka4 73. Kb1 Kb3 74. Ka1 Na6 75. Kb1 Nb4 76. Ka1 Nc2+ 77. Kb1 a2+ 78. Kc1 a1=Q+ 79. Kd2 Qe1+ 80. Kd3 Qe3# 0-1


[Site "https://www.chess.com"]

[Event "Titled Tuesday Blitz January 03 Late 2023"]
[White "Pino Perez, Lazaro"]
[Black "Cruz Mendez, Jean Marco"]
[WhiteFideId "3517055"]
[BlackFideId "3526402"]
[WhiteElo "2142"]
[BlackElo "2270"]
[Result "1-0"]
[Round "04"]
[TimeControl "180+2"]
[Date "2023.01.03"]
[WhiteClock "0:00:03"]
[BlackClock "0:00:04"]

1. d4 Nf6 2. Bf4 d5 3. e3 e6 4. Nf3 Bd6 5. Nbd2 Bxf4 6. exf4 O-O 7. c3 Qd6 8. g3 b6 9. h4 Ba6 10. Bxa6 Nxa6 11. h5 h6 12. Ne5 c5 13. Qe2 Nb8 14. Ndf3 Nc6 15. Rd1 cxd4 16. Nxd4 Nxd4 17. Rxd4 Rac8 18. O-O Nd7 19. Rfd1 Nxe5 20. fxe5 Qe7 21. Rg4 Rcd8 22. Rdd4 f5 23. Rg6 Kh7 24. Qe3 Rf7 25. a4 Rdf8 26. Rf4 Re8 27. Qd3 Qd7 28. g4 Ref8 29. g5 Rg8 30. Qg3 Qe8 31. Kh2 a6 32. Qh4 b5 33. axb5 axb5 34. Rb4 Ra7 35. Qd4 Ra2 36. Qb6 hxg5 37. Rxg5 Ra1 38. Qxb5 Qe7 39. f4 Qa7 40. Qe2 Qa2 41. Rb7 Qb1 42. Qg2 Qe1 43. Rbxg7+ Rxg7 44. Rxg7+ Kh8 45. Rg8+ Kh7 46. Qg7# 1-0


[Site "https://www.chess.com"]

[Event "Titled Tuesday Blitz January 03 Late 2023"]
[White "Danielyan, Vahe"]
[Black "Finkelstein, Alan"]
[WhiteFideId "13304828"]
[BlackFideId "30950961"]
[WhiteElo "2346"]
[BlackElo "2152"]
[Result "0-1"]
[Round "04"]
[TimeControl "180+2"]
[Date "2023.01.03"]
[WhiteClock "0:02:48"]
[BlackClock "0:01:13"]

1. d4 d5 2. Nf3 Nf6 3. Bf4 c5 4. e3 e6 5. Nbd2 Bd6 6. Bg3 Nc6 7. c3 O-O 8. Bd3 b6 9. Qc2 Bb7 10. Bh4 h6 11. g4 g5 12. Nxg5 hxg5 13. Bxg5 e5 14. Bf5 cxd4 15. exd4 exd4 16. Nb3 dxc3 17. bxc3 Re8+ 18. Kd1 d4 19. cxd4 Nb4 0-1


[Site "https://www.chess.com"]

[Event "Titled Tuesday Blitz January 03 Late 2023"]
[White "Gurevich, Dmitry"]
[Black "Corredor Castellanos, Camilo"]
[WhiteFideId "2000407"]
[BlackFideId "4425871"]
[WhiteElo "2393"]
[BlackElo "1957"]
[Result "0-1"]
[Round "04"]
[TimeControl "180+2"]
[Date "2023.01.03"]
[WhiteClock "0:00:03"]
[BlackClock "0:00:37"]

1. d4 d5 2. c4 e6 3. Nc3 Bb4 4. a3 Be7 5. Nf3 Nf6 6. g3 O-O 7. Bg2 a6 8. O-O dxc4 9. Ne5 c5 10. dxc5 Qc7 11. Nxc4 Qxc5 12. Qb3 Nc6 13. Be3 Qh5 14. h3 b5 15. Nb6 Na5 16. Qc2 Rb8 17. Nxc8 Rfxc8 18. Rad1 Nc4 19. Bc1 Bc5 20. e3 b4 21. axb4 Bxb4 22. Qa4 a5 23. Qc2 Ne5 24. Qe2 Bxc3 25. Qxh5 Nxh5 26. bxc3 Rxc3 27. Bd2 Rc5 28. Rc1 Rbc8 29. Ra1 Nc4 30. Bc1 h6 31. Rd1 Nf6 32. Bd2 Nxd2 33. Rxd2 Rc1+ 34. Rxc1 Rxc1+ 35. Kh2 Ra1 36. Rd8+ Kh7 37. Ra8 a4 38. e4 g6 39. e5 Ng8 40. Ra7 Kg7 41. f4 g5 42. h4 gxf4 43. gxf4 Ra2 44. h5 Ne7 45. Rxe7 a3 46. Ra7 Ra1 47. Kg3 a2 48. Ra4 Kg8 49. Kh2 Kg7 50. Bh3 Kg8 51. Ra7 Kf8 52. Ra3 Kg7 53. Ra6 Kf8 54. Bg2 Kg7 55. Bf3 Kf8 56. Bg2 Kg7 57. Kg3 Kf8 58. Ra7 Kg7 59. f5 exf5 60. e6 Re1 0-1


[Site "https://www.chess.com"]

[Event "Titled Tuesday Blitz January 03 Late 2023"]
[White "Martinez Reyes, Pedro Ramon"]
[Black "Broca Jimenez, Fernando"]
[WhiteFideId "3901807"]
[BlackFideId "5104742"]
[WhiteElo "2376"]
[BlackElo "2075"]
[Result "1-0"]
[Round "04"]
[TimeControl "180+2"]
[Date "2023.01.03"]
[WhiteClock "0:01:46"]
[BlackClock "0:00:02"]

1. e4 c5 2. Nf3 d6 3. d4 cxd4 4. Nxd4 Nf6 5. Nc3 g6 6. Be2 Bg7 7. O-O O-O 8. Nb3 Nc6 9. Re1 Bd7 10. Bg5 Rc8 11. Bf1 Na5 12. Nd5 Nxd5 13. exd5 Bf6 14. Bh6 Re8 15. c3 Nc4 16. Qe2 Bb5 17. Qf3 Ne5 18. Qg3 Bxf1 19. Rxf1 Qd7 20. Nd4 Qg4 21. Rad1 Qxg3 22. hxg3 a6 23. Bc1 Nc4 24. Rfe1 Nb6 25. Nb3 Nc4 26. g4 b6 27. g5 Bg7 28. Re4 e6 29. dxe6 Rxe6 30. Rde1 Rce8 31. Rxe6 fxe6 32. Nd2 Nxd2 33. Bxd2 Kf7 34. Kf1 d5 35. Re3 Rf8 36. Rh3 Rh8 37. Ke2 Ke7 38. Kd3 Be5 39. Be3 b5 40. Rh4 Kd6 41. a4 bxa4 42. Rxa4 Ra8 43. c4 dxc4+ 44. Rxc4 Bxb2 45. Rb4 1-0


[Site "https://www.chess.com"]

[Event "Titled Tuesday Blitz January 03 Late 2023"]
[White "Al-Tarboush, Ward"]
[Black "Zampronha, Wladimir Camilo"]
[WhiteFideId "7601450"]
[BlackFideId "2103087"]
[WhiteElo "2256"]
[BlackElo "2176"]
[Result "1-0"]
[Round "04"]
[TimeControl "180+2"]
[Date "2023.01.03"]
[WhiteClock "0:01:20"]
[BlackClock "0:00:03"]

1. e4 c5 2. Nf3 e6 3. d4 cxd4 4. Nxd4 Nc6 5. Nc3 Qc7 6. Be3 a6 7. Qd2 Nf6 8. f3 Bb4 9. O-O-O Ne5 10. Kb1 d5 11. exd5 Bxc3 12. Qxc3 Qxc3 13. bxc3 Nxd5 14. Bd2 b5 15. Bd3 O-O 16. Rhe1 Nc4 17. Nc6 Bd7 18. Ne5 Nxd2+ 19. Rxd2 Nxc3+ 20. Kb2 Na4+ 21. Ka1 Bc8 22. Be4 Ra7 23. Red1 Rc7 24. Rd8 g6 25. Rxf8+ Kxf8 26. Rd8+ Kg7 27. h4 Nc3 28. Bd3 h5 29. g4 hxg4 30. fxg4 Bb7 31. g5 Be4 32. Ng4 f5 33. gxf6+ Kf7 34. Rh8 Rc5 35. Rh7+ Kf8 36. Ra7 Bxd3 37. cxd3 Nd5 38. Nh6 Nxf6 39. Rf7+ Ke8 40. Rxf6 Rd5 41. Rxe6+ Kd7 42. Rxa6 Rxd3 43. Rxg6 1-0


[Site "https://www.chess.com"]

[Event "Titled Tuesday Blitz January 03 Late 2023"]
[White "Martin Carmona, Gaston Manuel"]
[Black "Wang, Alexander J"]
[WhiteFideId "22284567"]
[BlackFideId "30955270"]
[WhiteElo "2333"]
[BlackElo "1815"]
[Result "1-0"]
[Round "04"]
[TimeControl "180+2"]
[Date "2023.01.03"]
[WhiteClock "0:01:55"]
[BlackClock "0:01:18"]

1. Nf3 d5 2. g3 c5 3. Bg2 Nc6 4. c4 d4 5. O-O Nf6 6. e3 e5 7. exd4 exd4 8. Re1+ Be7 9. d3 O-O 10. h3 Bd6 11. a3 a5 12. Bg5 h6 13. Bxf6 Qxf6 14. Nbd2 Bf5 15. Ne4 Bxe4 16. Rxe4 Rfe8 17. Qe2 Rxe4 18. Qxe4 Qe7 19. Qg4 Re8 20. Re1 Qd8 21. Re4 Rxe4 22. Qxe4 Qe7 23. Qd5 Qe6 24. Qxe6 fxe6 25. Nd2 Ne5 26. Be4 b6 27. f4 Nd7 28. Bc6 Nf6 29. Nf3 Kf7 30. Kf2 Ke7 31. Nd2 e5 32. f5 Bc7 33. Kf3 Kd6 34. Ba4 Ke7 35. g4 Kd6 36. h4 Ke7 37. g5 hxg5 38. hxg5 Ne8 39. Bxe8 Kxe8 40. Ke4 Bd8 41. Nf3 Ke7 42. Kxe5 1-0


[Site "https://www.chess.com"]